Map: World of Sleepers LE

Players

Bunny

  • Race: Terran Terran
  • Spawn Location: 7:00

soO - Winner!

  • Race: Zerg Zerg
  • Spawn Location: 1:00

Event: IEM Katowice 2020

VOD

Have the link to the VOD?

Description

Time

  • Played on: Feb. 25, 2020, 6:20 a.m.
  • Length: 23:26

All games in this series

Show
View Real Time Build Order
Export as new Build Order

Bunny Terran 

Build Orders: Reaper Expand, Mech 

Get SALT Encoding   

  12  0:00  SCV  
  13  0:12  SCV  
  14  0:17  Supply Depot  
  14  0:24  SCV  
  15  0:39  SCV, Barracks  
  16  0:43  Refinery  
  16  0:51  SCV  
  17  1:03  SCV  
  18  1:15  SCV  
  19  1:26  Reaper  
  19  1:27  Orbital Command  
  20  1:39  Command Center  
  20  1:52  Supply Depot  
  20  1:53  SCV  
  21  1:58  Marine  
  22  2:05  SCV, Bunker  
  23  2:17  Factory  
  23  2:21  SCV, Barracks Reactor  
  23  2:27  Refinery  
  23  2:33  SCV  
  22  2:45  SCV  
  22  2:57  SCV  
  22  2:58  Marine x2  
  24  3:01  Hellion  
  27  3:06  Starport  
  27  3:09  SCV  
  28  3:21  SCV  
  28  3:25  Orbital Command  
  29  3:33  SCV  
  29  3:34  Hellion x2  
  34  3:36  Barracks Tech Lab  
  34  3:45  SCV  
  35  3:48  Supply Depot  
  35  3:52  SCV  
  36  3:58  SCV  
  36  4:00  Viking  
  43  4:04  SCV  
  40  4:11  Command Center  
  40  4:12  SCV  
  40  4:16  SCV  
  41  4:24  SCV, Fusion Core  
  41  4:28  SCV  
  41  4:30  Liberator  
  46  4:35  Hellion  
  46  4:37  SCV  
  49  4:40  SCV  
  49  4:43  Supply Depot  
  49  4:44  Hellion  
  52  4:49  SCV  
  52  4:52  SCV  
  54  4:55  Supply Depot  
  54  5:05  SCV x2, Hellion x2  
  60  5:07  Supply Depot  
  60  5:17  Battlecruiser  
  60  5:20  SCV x2  
  68  5:24  Orbital Command  
  66  5:28  Refinery  
  66  5:29  Refinery  
  66  5:30  Supply Depot  
  66  5:33  SCV  
  66  5:34  SCV  
  68  5:39  Hellion x2  
  72  5:45  SCV  
  72  5:46  SCV  
  74  5:50  Factory x2  
  74  5:56  Supply Depot  
  72  5:58  SCV x2  
  74  6:05  Hellion x2  
  74  6:07  Orbital Command  
  74  6:10  SCV x2  
  80  6:15  Weapon Refit  
  80  6:19  Refinery  
  80  6:22  SCV x2  
  80  6:34  SCV x2, Hellion x2, Factory Tech Lab  
  80  6:35  Factory Tech Lab  
  80  6:36  SCV  
  85  6:43  Battlecruiser  
  85  6:46  SCV x2  
  93  6:48  SCV  
  94  6:57  Siege Tank  
  94  6:58  SCV x2  
  94  7:00  SCV, Command Center  
  100  7:03  Siege Tank  
  100  7:07  Engineering Bay  
  103  7:10  SCV x2  
  103  7:12  Armory, SCV  
  106  7:19  Armory  
  106  7:20  Supply Depot  
  106  7:22  SCV x2  
  108  7:24  SCV  
  109  7:33  Missile Turret x2  
  109  7:35  Missile Turret  
  109  7:39  Missile Turret  
  109  7:41  SCV  
  109  7:42  SCV, Widow Mine x2  
  109  7:43  Missile Turret  
  115  7:46  Supply Depot  
  115  7:47  Supply Depot x2  
  115  7:48  SCV  
  115  7:50  Missile Turret  
  116  7:54  SCV  
  116  7:56  SCV  
  116  8:01  Terran Vehicle Weapons Level 1  
  116  8:04  Missile Turret, Factory  
  116  8:07  Factory  
  116  8:08  Cyclone x2  
  116  8:11  SCV x2  
  116  8:12  SCV  
  122  8:15  Planetary Fortress  
  122  8:19  Hellbat x2  
  126  8:20  Infernal Pre-Igniter  
  126  8:28  SCV x3  
  126  8:32  Refinery  
  126  8:33  Mag-Field Accelerator  
  126  8:34  Terran Vehicle And Ship Armor Level 1, Refinery  
  129  8:37  Supply Depot  
  127  8:45  Cyclone  
  127  8:46  Hellion x2  
  127  8:47  SCV x3  
  132  8:48  Cyclone  
  132  8:52  Factory Tech Lab  
  132  8:54  Factory Reactor  
  132  9:03  SCV x2  
  132  9:04  SCV  
  132  9:05  Command Center  
  132  9:06  SCV  
  132  9:07  Missile Turret  
  132  9:09  Hellion  
  140  9:10  Hellion  
  140  9:14  Factory x2  
  140  9:15  SCV x2  
  140  9:16  SCV, Cyclone, Factory  
  146  9:18  SCV, Supply Depot  
  146  9:21  Supply Depot  
  146  9:23  Cyclone  
  150  9:30  Cyclone  
  150  9:31  Hellion x2  
  157  9:32  Hellion  
  157  9:37  Hellion  
  161  9:41  Supply Depot  
  161  9:42  Supply Depot  
  161  9:51  Cyclone  
  161  9:52  Hellion x2  
  168  9:53  Hellion  
  168  9:55  Cyclone  
  168  9:59  Factory Reactor, Factory Tech Lab  
  173  10:00  Factory Tech Lab  
  173  10:02  Cyclone  
  176  10:09  Hellion  
  176  10:14  Hellion x3  
  178  10:23  Cyclone  
  178  10:27  Cyclone  
  184  10:30  Hellion, Terran Vehicle Weapons Level 2, Terran Vehicle And Ship Armor Level 2  
  184  10:31  Command Center  
  184  10:34  Cyclone, Command Center  
  188  10:42  Refinery  
  188  10:44  Refinery  
  188  10:45  Siege Tank  
  188  10:46  Siege Tank  
  194  10:50  Hellion  
  194  10:51  Hellion x2  
  194  10:53  Command Center  
  194  10:56  Siege Tank  
  191  11:00  Hellion x4  
  185  11:08  Siege Tank  
  187  11:13  Planetary Fortress  
  187  11:18  Siege Tank x2  
  184  11:19  Hellion  
  184  11:20  Hellion x2  
  184  11:22  Siege Tank  
  184  11:23  Hellion x3, Command Center  
  186  11:28  Hellion  
  185  11:35  Missile Turret  
  170  11:42  Cyclone  
  170  11:43  Hellion x2  
  170  11:44  Hellion x3  
  185  11:49  Cyclone  
  185  11:50  Cyclone x2  
  192  11:54  Cyclone  
  192  12:04  Hellion  
  192  12:05  Hellion x2  
  198  12:09  Planetary Fortress, Starport Reactor  
  198  12:14  Refinery  
  188  12:28  Cyclone x2  
  188  12:29  Cyclone x2  
  196  12:50  Command Center  
  195  12:54  Command Center  
  195  12:56  Terran Vehicle Weapons Level 3, Terran Vehicle And Ship Armor Level 3, Command Center  
  195  12:58  Viking x2  
  195  13:00  Starport x2  
  192  13:06  Thor  
  192  13:08  Thor  
  198  13:15  Missile Turret  
  183  13:27  Thor x2  
  183  13:28  Hellion x4, Thor  
  178  13:41  Viking x2  
  178  13:42  Hellion  
  178  13:44  Hellion x4  
  178  13:45  Hellion  
  178  13:47  Viking x2  
  181  13:55  Planetary Fortress  
  181  13:58  SCV  
  181  13:59  SCV x3  
  185  14:07  Thor  
  191  14:10  Thor  
  191  14:11  Viking  
  187  14:32  Thor x2  
  187  14:33  Hellion  
  186  14:42  Thor  
  186  14:44  Hellion x3  
  177  14:46  Viking  
  177  14:50  Thor  
  165  14:52  Thor  
  165  14:53  Hellion x2  
  165  14:54  Hellion  
  165  14:59  Viking  
  171  15:05  Hellion  
  171  15:06  Hellion x2  
  169  15:14  Hellion x2  
  169  15:15  Hellion x2  
  169  15:16  Hellion  
  146  15:25  Thor  
  147  15:29  Hellion  
  139  15:35  Hellion  
  139  15:36  Hellion  
  139  15:39  Hellion  
  139  15:41  SCV  
  130  15:43  SCV  
  130  15:48  Siege Tank  
  120  15:54  SCV, Siege Tank  
  120  15:55  Siege Tank  
  127  16:01  Hellion x2  
  131  16:06  SCV, Siege Tank  
  131  16:09  Siege Tank  
  138  16:14  SCV  
  138  16:15  SCV x3  
  138  16:23  Hellion x3  
  136  16:28  Siege Tank  
  137  16:35  Siege Tank  
  140  16:44  Siege Tank x2  
  146  16:49  Hellion x2  
  146  16:50  Hellion  
  146  16:53  Refinery  
  152  16:58  Siege Tank  
  152  17:01  Orbital Command x2  
  155  17:13  Siege Tank x2  
  161  17:19  Hellion  
  161  17:20  Hellion  
  165  17:25  Missile Turret  
  163  17:34  Liberator x2  
  159  17:51  Siege Tank x2  
  162  17:52  Siege Tank  
  166  18:02  Liberator  
  165  18:08  Refinery  
  165  18:09  Hellion x2  
  165  18:10  Command Center  
  169  18:17  Hellion x2  
  171  18:21  Missile Turret  
  157  18:29  Hellion x3  
  159  18:38  Hellion x2  
  159  18:39  SCV  
  159  18:40  SCV  
  165  18:53  Supply Depot  
  165  18:55  Supply Depot  
  165  19:23  Hellion x5  
  177  19:24  Liberator  
  177  19:25  Orbital Command  
  177  19:37  Viking x3  
  137  20:07  Viking x2  
  137  20:10  Refinery  
  137  20:13  Viking x2  
  129  20:26  SCV  
  129  20:27  SCV x2  
  132  20:37  Viking x2  
  132  20:39  SCV  
  123  20:43  Viking x2  
  124  21:02  Siege Tank  
  124  21:03  Siege Tank x2  
  100  21:04  Hellion  
  100  21:08  Hellion  
  92  21:11  Siege Tank  
  92  21:14  Hellion  
  92  21:17  Orbital Command  
  92  21:18  Hellion  
  87  21:24  Hellion x2  
  89  21:29  Cyclone  
  80  21:37  Cyclone  
  80  21:38  Cyclone  
  83  21:42  Orbital Command  
  81  21:48  SCV x3  
  84  21:55  Cyclone  
  87  22:02  Engineering Bay  
  87  22:06  Cyclone  
  90  22:14  Cyclone  
  93  22:28  Cyclone x2  
  97  22:34  Cyclone  
  84  22:38  Hellion  
  84  22:43  Hellion  
Show
View Real Time Build Order
Export as new Build Order

soO Zerg - Winner!

Build Orders: Pool First, Brood Lord Corruptor 

Get SALT Encoding   

  12  0:00  Drone  
  13  0:14  Extractor  
  12  0:23  Spawning Pool  
  12  0:27  Drone  
  12  0:31  Drone  
  13  0:35  Drone  
  14  0:46  Overlord  
  14  1:10  Zergling x6  
  17  1:14  Queen  
  19  1:22  Metabolic Boost  
  19  1:26  Zergling x2  
  20  1:46  Drone  
  21  1:58  Drone  
  21  2:00  Hatchery  
  21  2:04  Overlord  
  22  2:08  Drone  
  22  2:25  Drone  
  22  2:26  Drone  
  23  2:30  Drone  
  23  2:31  Drone  
  24  2:49  Zergling x4  
  24  2:51  Queen  
  27  2:59  Drone x2  
  27  3:03  Overlord  
  29  3:18  Drone x3  
  32  3:20  Hatchery  
  32  3:23  Drone x2  
  33  3:33  Drone x3  
  36  3:35  Drone  
  36  3:38  Drone  
  38  3:44  Drone  
  38  3:48  Drone  
  40  3:52  Queen  
  40  3:55  Overlord  
  42  3:58  Drone  
  43  4:05  Overlord  
  43  4:12  Overlord  
  43  4:13  Drone  
  43  4:14  Drone x3  
  47  4:19  Drone  
  47  4:20  Queen  
  50  4:24  Drone  
  50  4:27  Queen  
  53  4:31  Queen  
  53  4:34  Drone x2  
  53  4:37  Drone  
  59  4:38  Drone  
  59  4:39  Drone  
  59  4:42  Drone  
  59  4:44  Drone x2  
  63  4:53  Drone x3, Extractor  
  63  4:54  Extractor  
  63  4:58  Lair  
  63  4:59  Drone  
  65  5:02  Overlord  
  65  5:09  Overlord  
  65  5:20  Overlord, Queen  
  67  5:24  Overlord  
  67  5:29  Drone x3  
  67  5:30  Roach Warren, Drone x4  
  67  5:32  Spore Crawler  
  67  5:34  Drone  
  73  5:35  Spore Crawler  
  73  5:37  Spore Crawler, Drone  
  73  5:40  Zergling x4  
  73  5:41  Zergling x2  
  73  5:42  Drone x3  
  78  5:43  Zergling x2  
  78  5:44  Drone  
  81  5:50  Drone x3  
  82  5:58  Spire  
  82  5:59  Drone  
  82  6:01  Drone  
  82  6:02  Drone, Extractor  
  82  6:03  Extractor  
  82  6:04  Drone  
  82  6:06  Drone x2  
  82  6:09  Drone x2  
  82  6:10  Glial Reconstitution  
  87  6:13  Drone x2  
  87  6:16  Evolution Chamber  
  87  6:17  Drone  
  89  6:19  Overlord  
  89  6:25  Overlord x2  
  89  6:31  Zergling x2  
  89  6:32  Zergling x2  
  90  6:33  Zergling x2  
  90  6:36  Zergling x4  
  90  6:38  Zergling x4  
  90  6:45  Overlord  
  90  6:49  Roach x4  
  90  6:53  Overlord  
  100  6:56  Overlord  
  100  6:59  Extractor  
  97  7:10  Zerg Missile Weapons Level 1  
  97  7:11  Corruptor x6  
  108  7:19  Corruptor  
  110  7:23  Corruptor  
  110  7:26  Drone x2  
  110  7:28  Hatchery  
  110  7:29  Corruptor  
  115  7:31  Drone  
  115  7:46  Corruptor x2  
  115  7:48  Overlord  
  119  7:54  Drone x9  
  128  8:13  Drone  
  128  8:14  Drone x3  
  128  8:16  Infestation Pit, Baneling Nest  
  128  8:17  Extractor  
  128  8:19  Evolution Chamber  
  128  8:20  Roach x2  
  128  8:22  Overlord  
  128  8:25  Drone x4  
  135  8:28  Drone x2  
  135  8:29  Drone  
  138  8:40  Hatchery  
  136  8:42  Drone x5  
  136  8:45  Drone x3  
  136  8:46  Drone  
  142  8:51  Roach x3  
  142  8:53  Overlord  
  142  8:54  Hive  
  148  8:55  Zerg Melee Weapons Level 1  
  148  8:58  Overlord  
  148  9:01  Centrifical Hooks  
  148  9:04  Drone x3  
  148  9:05  Roach x3  
  148  9:06  Roach  
  148  9:08  Overlord  
  159  9:10  Overlord  
  159  9:16  Ravager x3  
  162  9:17  Ravager  
  162  9:18  Zergling x10, Roach x2  
  162  9:22  Infestor x2  
  171  9:37  Ravager x2  
  173  9:39  Zerg Missile Weapons Level 2, Extractor x2  
  171  9:49  Zergling x10, Roach x3  
  182  9:52  Overlord  
  176  10:09  Drone x4  
  179  10:14  Greater Spire  
  179  10:17  Baneling  
  179  10:18  Ravager x3, Baneling x8  
  182  10:26  Baneling x3  
  182  10:27  Ravager x2, Baneling x2  
  184  10:32  Zergling x10, Hatchery, Roach x3  
  194  10:46  Spine Crawler  
  178  11:00  Hatchery  
  178  11:01  Zergling x16  
  179  11:08  Corruptor x3  
  180  11:12  Zergling x22  
  172  11:27  Baneling x7  
  164  11:37  Zergling x8, Roach x3  
  164  11:38  Zergling x4  
  167  11:50  Zerg Flyer Weapons Level 1  
  167  11:52  Zerg Melee Weapons Level 2  
  167  11:56  Zerg Missile Weapons Level 3  
  164  12:02  Brood Lord x9  
  164  12:06  Drone x3, Corruptor  
  164  12:07  Corruptor x3  
  193  12:11  Spine Crawler, Corruptor  
  193  12:12  Spine Crawler  
  184  12:23  Corruptor x2  
  184  12:24  Corruptor  
  184  12:26  Zergling x18  
  184  12:28  Extractor  
  184  12:29  Extractor  
  196  12:30  Spine Crawler  
  193  12:43  Drone x3  
  191  12:44  Drone x2  
  191  12:45  Drone x4  
  191  12:46  Drone x2  
  191  12:47  Corruptor  
  199  12:55  Baneling  
  199  12:56  Baneling x6  
  199  13:10  Spine Crawler, Extractor  
  199  13:11  Spine Crawler  
  195  13:13  Zergling x4  
  195  13:14  Zergling x6, Baneling  
  195  13:15  Baneling x6  
  174  13:49  Drone  
  174  13:51  Drone x3  
  174  13:53  Brood Lord x4  
  174  13:54  Brood Lord x2  
  190  13:57  Corruptor x4  
  198  14:04  Hatchery, Drone  
  198  14:26  Corruptor  
  190  14:45  Zergling x2, Roach x6  
  188  14:46  Zergling x6  
  188  14:47  Corruptor x4  
  190  14:54  Corruptor x5  
  194  15:11  Corruptor x3  
  173  15:24  Zergling x2, Roach x5  
  173  15:25  Zergling x14, Roach  
  179  15:39  Roach  
  179  15:40  Roach x2  
  179  15:42  Roach x7  
  147  15:56  Ravager x2  
  147  15:57  Ravager  
  148  15:58  Drone x4  
  148  16:02  Queen  
  154  16:06  Roach x8  
  154  16:07  Drone x4  
  170  16:11  Ravager x3  
  170  16:17  Zerg Melee Weapons Level 3  
  167  16:24  Drone  
  167  16:25  Drone  
  159  16:26  Zergling x22  
  159  16:31  Ravager  
  159  16:32  Ravager  
  169  16:42  Zergling x22  
  180  16:50  Baneling x6  
  180  16:51  Infestor, Baneling x11  
  182  16:54  Infestor  
  182  16:57  Drone  
  183  17:08  Infestor x2  
  183  17:12  Neural Parasite  
  187  17:18  Drone x2  
  187  17:19  Drone x2  
  187  17:20  Baneling x4  
  192  17:22  Drone  
  192  17:23  Drone, Baneling x4  
  193  17:34  Ravager, Drone x2  
  193  17:35  Ravager x3  
  199  17:43  Drone x2  
  199  17:44  Drone  
  198  17:50  Drone x2  
  199  18:03  Brood Lord  
  199  18:04  Corruptor x7  
  199  18:09  Spine Crawler  
  199  18:11  Spine Crawler, Queen  
  199  18:18  Hatchery  
  148  18:59  Brood Lord x7  
  161  19:06  Zergling x34, Burrow  
  170  19:22  Zergling x20  
  167  19:49  Zergling x10, Roach x5  
  171  20:02  Baneling x7  
  149  20:14  Hatchery  
  149  20:15  Ravager x4  
  152  20:26  Corruptor x10  
  169  20:37  Hatchery  
  160  20:48  Zergling x12  
  111  21:09  Roach x4  
  111  21:10  Roach x3  
  105  21:14  Roach  
  105  21:16  Roach x3  
  113  21:24  Roach x4  
  118  21:38  Roach x4  
  126  21:46  Ravager  
  129  21:47  Ravager x4  
  129  22:00  Ravager  
  130  22:03  Zergling x20  
  140  22:11  Zergling x6  
  143  22:18  Baneling x3  
  143  22:27  Zergling x18  
  150  22:30  Infestor x4  
  131  22:48  Zergling x26  
  141  22:58  Zergling x6  

Tags
 
Add a new tag
Caveats
  • Supply blocks, unpowered buildings, or Contaminate may cause inaccurate times.
  • Supply counts are checked every 10 seconds.